AoeStats
← Voldonas

MegaRandom

506946510Analyzed
1v1 RM · 17d ago on Sep 15, 2026· 33m 59s· 2 players
Game mode
Random Map
Map size
Tiny (2 player)
Population
200
Speed
Normal
Resources
Standard
Victory
Conquest
Starting age
Dark Age
Ending age
Imperial Age
RankedLock teamsTeams togetherTeam positionsShared explorationLock speedFull tech treeHidden civsTurbo modeCheats
Victory
Defeat
🇱🇹 Lithuanians · Lithuania
698
+17
🇺🇸 Japanese · United States
718
-17
Voldonas
1:24 Loom
12:43 Feudal Age
14:11 Double-Bit Axe
16:00 Bloodlines
17:01 Scale Barding Armor
20:45 Town Watch
21:38 Forging
25:41 Castle Age
29:47 Chain Barding Armor
30:02 Iron Casting
31:33 Husbandry
gazeintothefuture
9:36 Loom
11:49 Feudal Age
12:16 Double-Bit Axe
12:14 Horse Collar
11:57 Man-at-Arms
13:15 Arson
13:22 Arson
24:42 Castle Age
24:54 Gold Mining
24:54 Stone Mining
25:59 Gambesons
25:35 Long Swordsman
26:16 Squires
Connection lost

Rejoining the realm…

Still unreachable

The connection could not be restored.

Session expired

The server has moved on; the page needs a fresh start.